 Dungeon Crawl Stone Soup version 0.30-a0-219-gf2db51d15e (webtiles) character file.

Game seed: 8647479952326738267

219 gzilladon the Covered (level 5, -8/41 HPs)
             Began as a Demonspawn Fighter on Oct 7, 2022.
             Was an Initiate of Yredelemnul.
             Killed from afar by an orc wizard (11 damage)
             ... with a puff of flame
             ... on level 3 of the Dungeon.
             The game lasted 00:09:37 (2870 turns).

gzilladon the Covered (Demonspawn Fighter)          Turns: 2870, Time: 00:09:37

Health: -8/41      AC:  9    Str: 24    XL:     5   Next: 64%
Magic:  5/5        EV:  9    Int:  9    God:    Yredelemnul [......]
Gold:   100        SH:  4    Dex: 13    Spells: 4/4 levels left

rFire   . . .      SeeInvis .    a - +0 war axe
rCold   . . .      Faith    .    c - +0 buckler
rNeg    . . .      Spirit   .    b - +0 scale mail
rPois   .          Reflect  .    m - +0 helmet
rElec   .          Harm     .    (no cloak)
rCorr   .          Rampage  .    u - +0 pair of gloves
Will    .....                    (no boots)
Stlth   ..........               (no amulet)
HPRegen 0.26/turn                e - +6 ring of strength
MPRegen 0.09/turn                (no ring)

@: no status effects
A: claws 2
a: Renounce Religion, Recall Undead Harvest


You were on level 3 of the Dungeon.
You worshipped Yredelemnul.
Yredelemnul was noncommittal.
You visited 1 branch of the dungeon, and saw 3 of its levels.

You collected 100 gold pieces.

Inventory:

Hand Weapons
 a - a +0 war axe (weapon)
 t - a +1 spear of flaming
Missiles
 h - 13 stones (quivered)
 n - 5 poisoned darts
Armour
 b - a +0 scale mail (worn)
 c - a +0 buckler (worn)
 m - a +0 helmet (worn)
 u - a +0 pair of gloves (worn)
Jewellery
 e - a +6 ring of strength (left hand)
Scrolls
 g - a scroll of silence {unknown}
 j - a scroll of vulnerability {unknown}
 k - 4 scrolls of identify {unknown}
 l - a scroll of immolation {unknown}
 o - a scroll of magic mapping {unknown}
 p - a scroll of teleportation {unknown}
 s - a scroll of torment {unknown}
 x - a scroll of poison {unknown}
Potions
 d - a potion of might
 f - 2 potions of curing {unknown}
 i - a potion of attraction {unknown}
 q - 2 potions of resistance {unknown}
 r - a potion of degeneration {unknown}
 v - a potion of magic {unknown}
 w - a potion of brilliance {unknown}
 z - a potion of flight {unknown}


   Skills:
 + Level 3.6 Fighting
 + Level 3.3 Axes
 * Level 4.0 Armour
 + Level 0.6 Dodging
 + Level 0.6 Stealth
 + Level 3.1 Shields
 * Level 0.5 Invocations


You had 4 spell levels left.
You didn't know any spells.
Your spell library was empty.

Dungeon Overview and Level Annotations

Branches:
Dungeon (3/15)

Altars:
Gozag
Kikubaaqudgha
Wu Jian
Yredelemnul

Shops:
D:2 ?


Innate Abilities, Weirdness & Mutations

You have very sharp fingernails.


Message History

The worm bites you.
You barely miss the worm.
The worm is lightly wounded.
You closely miss something. You barely miss the worm.
The worm is lightly wounded.
You closely miss something. Something hits you but does no damage.
The worm bites you.
* * * LOW HITPOINT WARNING * * *
You hear some strange, mumbled words.
Something tries to affect you, but you resist.
You slash the worm!
The worm is almost dead.
You miss something. Something hits you but does no damage. The worm bites you!
* * * LOW HITPOINT WARNING * * *
You hear some strange, mumbled words.
A magic dart appears from out of thin air!
The magic dart hits you.
* * * LOW HITPOINT WARNING * * *
You swap places.
The worm bites your orc zombie!
Your orc zombie is destroyed!
You swap places.
Your hobgoblin zombie hits something but does no damage.
Something hits your hobgoblin zombie.
Your hobgoblin zombie barely misses something.
Something hits your hobgoblin zombie.
Your hobgoblin zombie barely misses something.
Something hits your hobgoblin zombie. Something hits your hobgoblin zombie.
Your hobgoblin zombie is destroyed!
Throw: 14 stones
Press: ? - help, Q - select action, (/) - cycle Shift-Dir - straight line, f - worm
Aim: a worm (severely wounded, 77% to hit)
You throw a stone. The stone hits the worm.
The worm is severely wounded.
You hear some strange, mumbled words.
A puff of flame appears from out of thin air!
The puff of flame hits you!
You die...
Your body rises from the dead as a mindless zombie.

.....#.###.#.### #.#######
.#...#.....#...# #.......#
.##..#.._..#...#############.#
.....#.....#...#...Z..# #.#
##...#.###.#...#.####.# #.#
##...........#.#.# #.# #Z#
.#...#######...#.# #Z# #.#
.##..........#.#.# #.######.#
...........#.#.#@# #...Z....#
...........#.# #.# ##########
.............#.#{#
......#[...###.#w)......
..#####.......##.###.###
####### #.#...##.#....#8.8
#.....# #.#...##.#....##..
#####.# #.....##.#.....##..
#.# #.....##.#......##. #.#


You could see a worm.

Vanquished Creatures
  An ogre (D:3)
  An orc priest (D:3)
  5 adders
  A gnoll (D:1)
  An adder zombie (D:3)
  A dart slug (D:1)
  2 orcs (D:3)
  3 bats (D:2)
  5 endoplasms
  A giant cockroach (D:2)
  9 goblins
  4 hobgoblins
  4 jackals (D:3)
  2 kobolds
  5 ball pythons
  A ball python zombie (D:3)
  2 frilled lizards
  2 rats
50 creatures vanquished.

Vanquished Creatures (others)
  An adder zombie (D:3)
  A hobgoblin zombie (D:3)
  An orc zombie (D:3)
3 creatures vanquished.

Grand Total: 53 creatures vanquished

Notes
Turn   | Place    | Note
-------+----------+-------------------------------------------
     0 | D:1      | gzilladon the Demonspawn Fighter began the quest for the
                  | Orb.
     0 | D:1      | Reached XP level 1. HP: 18/18 MP: 1/1
   651 | D:1      | Gained mutation: You have sharp fingernails. [demonic
                  | ancestry]
   651 | D:1      | Reached XP level 2. HP: 15/24 MP: 2/2
   712 | D:1      | Reached skill level 3 in Armour
   797 | D:1      | Found a faded altar of an unknown god.
  1043 | D:2      | Found an ornate altar of the Wu Jian Council.
  1359 | D:2      | Found Arphu's Magic Scroll Shop.
  1407 | D:2      | Reached XP level 3. HP: 29/29 MP: 3/3
  1786 | D:3      | Found an opulent altar of Gozag.
  1854 | D:3      | Gained mutation: You have very sharp fingernails. [demonic
                  | ancestry]
  1854 | D:3      | Reached XP level 4. HP: 30/35 MP: 4/4
  1915 | D:3      | Noticed an ogre
  1924 | D:3      | Killed an ogre
  1925 | D:3      | Reached XP level 5. HP: 32/41 MP: 5/5
  1987 | D:3      | Found an ancient bone altar of Kikubaaqudgha.
  2589 | D:3      | Found a basalt altar of Yredelemnul.
  2597 | D:3      | Became a worshipper of Yredelemnul the Dark
  2859 | D:3      | Reached skill level 4 in Armour
  2864 | D:3      | HP: 2/41 [something/magic dart (1)]
  2870 | D:3      | Killed from afar by an orc wizard

Illustrated notes

Levels and vault maps discovered:
D:1:      evilmike_arrival_hilbert_curve, layout_basic,
          dreamdust_ecumenical_altar_statues
D:2:      layout_basic, serial_shops, shop, basic_altar,
          kennysheep_generic_room_3
D:3:      layout_basic, mainiacjoe_overflow_catwalk,
          mainiacjoe_overflow_cross_hatched, lemuel_zombie_altar_yredelemnul,
          corexii_item_surrounded_by_moat, grunt_ministairs_8,
          kennysheep_another_room, minmay_ogre_servants

Skill      XL: |  1  2  3  4  5 |
---------------+----------------+-----
Axes           | 2 3 |  3.3
Armour         | 3 4 |  4.0
Shields        | 3 |  3.1
Fighting       | |  3.6
Dodging        | |  0.6
Stealth        | |  0.6
Invocations    | |  0.5

Action                   |  1- 3 |  4- 6 || total
-------------------------+-------+-------++-------
Melee: War axe           |    85 |    57 ||   142
Throw: Stone             |       |     1 ||     1
Armor: Scale mail        |    50 |    37 ||    87
Dodge: Dodged            |    44 |    25 ||    69
Block: Buckler           |    23 |     8 ||    31

Table legend: (Time is in decaauts)
 A = Elapsed time spent in this place.
 B = Non-inter-level travel time spent in this place.
 C = Inter-level travel time spent in this place.
 D = Time resting spent in this place.
 E = Time spent auto-exploring this place.
 F = Levels seen in this place.
 G = Mean time per level.
                   A        B        C        D        E       F      G
               +--------+--------+--------+--------+--------+-----+--------+
         Total |   2929 |   2174 |    755 |    173 |      0 |   3 |  976.3 |
       Dungeon |   2929 |   2174 |    755 |    173 |      0 |   3 |  976.3 |
               +--------+--------+--------+--------+--------+-----+--------+

Top non-repeatable levels by time:
     D:3: 1161 daAuts
     D:2: 927 daAuts
     D:1: 840 daAuts
